 Dungeon Crawl Stone Soup version 0.19-a0-867-g949743d (webtiles) character file.

31 PurpleSnorlax the Cudgeler (level 3, -2/22 HPs)
             Began as a Gargoyle Gladiator on July 3, 2016.
             Slain by a kobold (3 damage)
             ... on level 2 of the Dungeon.
             The game lasted 00:03:51 (1136 turns).

PurpleSnorlax the Cudgeler (Gargoyle Gladiator)     Turns: 1136, Time: 00:03:51

Health: -2/22      AC:  7    Str: 19    XL:     3   Next: 22%
Magic:  3/3        EV: 12    Int:  8    God:
Gold:   62         SH:  0    Dex: 10    Spells: 0 memorised, 2 levels left

rFire  . . .     SeeInvis .     a - +0 flail
rCold  . . .     Gourm    .     b - +0 leather armour
rNeg   + . .     Faith    .     (no shield)
rPois  ∞         Spirit   .     c - +0 helmet
rElec  +         Dismiss  .     (no cloak)
rCorr  .         Reflect  .     (no gloves)
SustAt .         Harm     .     (no boots)
MR     .....                    (no amulet)
Stlth  +.........               (no ring)
                                (no ring)

@: not resistant to hostile enchantments, very unstealthy
A: negative energy resistance 1, electricity resistance, unbreathing,
petrification resistance, rot immunity, AC +3
a: no special abilities


You were on level 2 of the Dungeon.
You were hungry.

You visited 1 branch of the dungeon, and saw 2 of its levels.

You collected 62 gold pieces.

Inventory:

Hand Weapons
 a - a +0 flail (weapon)
Missiles
 d - 3 throwing nets (quivered)
Armour
 b - a +0 leather armour (worn)
 c - a +0 helmet (worn)
Scrolls
 e - a scroll of identify {unknown}
 g - a scroll of enchant weapon {unknown}
 m - a scroll of recharging {unknown}
Potions
 i - 2 potions of invisibility {unknown}
 j - a potion of cancellation {unknown}
 l - a potion of heal wounds {unknown}
Comestibles
 f - a bread ration
 h - 2 meat rations


   Skills:
 + Level 2.4 Fighting
 + Level 3.4 Maces & Flails
 + Level 1.8 Throwing
 + Level 0.9 Armour
 + Level 2.8 Dodging


You had 2 spell levels left.
You didn't know any spells.

Dungeon Overview and Level Annotations

Branches:
Dungeon (2/15)

Altars:


Innate Abilities, Weirdness & Mutations

You are resistant to torment.
Your stone body is resilient. (AC +3)
You are immune to poison.
You resist negative energy. (rN+)
You are resistant to electric shocks. (rElec)
You can survive without breathing.
You are immune to petrification.
You are immune to rotting.


Message History

You kill the goblin!
The bat barely misses you. The bat misses you.
The adder bites you but does no damage. The kobold hits you but does no damage.
The goblin barely misses you.
The dart slug bites you but does no damage.
The kobold hits you but does no damage. The adder barely misses you.
The kobold closely misses you.
You hit the dart slug but do no damage. The bat closely misses you.
The goblin hits you but does no damage. The adder bites you but does no damage.
The kobold hits you but does no damage. The dart slug closely misses you.
The kobold closely misses you.
You hit the dart slug.
The dart slug is severely wounded.
The bat misses you. The adder bites you.
* * * LOW HITPOINT WARNING * * *
The bat hits you but does no damage. The goblin barely misses you.
The kobold hits you but does no damage. The adder bites you.
* * * LOW HITPOINT WARNING * * *
The kobold hits you.
You die...

. .. #.. # #.#.
.#
..#..######.#
$##$........#
.##..##SbK..#
.......K@..#...
##..###g)w..#
.. ...........
#...$.......
[..##....####
#### ##.#.#
.#.# .#.#


You could see an adder, a dart slug, a goblin, a bat and 2 kobolds.

Vanquished Creatures
  A gnoll (D:1)
  A dart slug (D:1)
  A ball python (D:2)
  A giant cockroach (D:1)
  4 goblins
  3 hobgoblins
  3 jackals (D:1)
  A kobold (D:1)
  A bat (D:1)
16 creatures vanquished.

Vanquished Creatures (others)
  An iguana (D:2)
1 creature vanquished.

Grand Total: 17 creatures vanquished

Notes
Turn   | Place    | Note
-------+----------+-------------------------------------------
     0 | D:1      | PurpleSnorlax the Gargoyle Gladiator began the quest for the Orb.
     0 | D:1      | Reached XP level 1. HP: 12/12 MP: 1/1
   228 | D:1      | Reached XP level 2. HP: 10/18 MP: 2/2
  1038 | D:1      | Reached XP level 3. HP: 21/22 MP: 3/3
  1136 | D:2      | HP: 1/22 [adder (4)]
  1136 | D:2      | Slain by a kobold

Vault maps used:
D:1:      saegor_arrival_simple_b
D:2:      gammafunk_pakellas_statue_experiment, fedhas_altar_4, first_bread,
          minivault_23, serial_park_tiny_2, minmay_hexomino_p4

Action                   || total
-------------------------++-------
Melee: Flail             ||    73
  Use: Potion            ||     1
Armor: Leather armour    ||    84
Dodge: Dodged            ||   130
